 Dungeon Crawl Stone Soup version 0.30.1-11-g7821555f0a (webtiles) character file.

Game seed: 1885828482917357208

39 lonewolfV2 the Trooper (level 3, -4/30 HPs)
             Began as a Formicid Fighter on Nov 17, 2023.
             Slain by a gnoll
             ... wielding a +0 halberd
              (12 damage)
             ... on level 2 of the Dungeon.
             The game lasted 00:01:23 (587 turns).

lonewolfV2 the Trooper (Formicid Fighter)            Turns: 587, Time: 00:01:23

Health: -4/30      AC:  6    Str: 20    XL:     3   Next: 67%
Magic:  3/3        EV:  9    Int:  7    God:
Gold:   1227       SH:  5    Dex: 15    Spells: 2/2 levels left

rFire   . . .        a - +0 war axe
rCold   . . .        c - +0 buckler
rNeg    . . .        b - +0 scale mail
rPois   .            (helmet unavailable)
rElec   .            (no cloak)
rCorr   .            (no gloves)
SInv    +            (no boots)
Will    +....        (no amulet) Stlth
                     j - ring of willpower
HPRegen 0.25/turn    (no ring)
MPRegen 0.08/turn

%: no passive effects
@: mighty
A: permanent stasis, dig shafts and tunnels, antennae 3, four strong arms
a: Dig, Shaft Self


You were on level 2 of the Dungeon.
You visited 1 branch of the dungeon, and saw 2 of its levels.

You collected 1227 gold pieces.

Inventory:

Hand Weapons
 a - a +0 war axe (weapon)
Armour
 b - a +0 scale mail (worn)
 c - a +0 buckler (worn)
Jewellery
 j - a ring of willpower (left hand)
Potions
 e - a potion of cancellation {unknown}
 f - a potion of flight
 k - 2 potions of degeneration {unknown}


   Skills:
 + Level 4.1 Fighting
 + Level 3.0 Axes
 - Level 3.2 Armour
 - Level 4.0 Shields


You had 2 spell levels left.
You didn't know any spells.
Your spell library was empty.

Dungeon Overview and Level Annotations

Branches:
Dungeon (2/15)

Altars:

Shops:
D:1 [


Innate Abilities, Weirdness & Mutations

You cannot be hasted, slowed, berserked, paralysed or teleported.
You can dig through walls and to a lower floor.
You have a pair of large antennae on your head. (SInv)
Your four strong arms can wield two-handed weapons with a shield.


Message History

You hit the adder but do no damage.
The adder is severely wounded.
The adder bites you but does no damage. x2
You closely miss the adder.
The adder is severely wounded.
The adder closely misses you.
You hit the adder.
You kill the adder!
Your Axes skill increases to level 3!
You see here an adder corpse.
You aren't carrying any scrolls.
Found 9 stones.
k - 2 bubbling blue potions (gained 1)
You sense a monster nearby. 2 gnolls come into view.
The gnoll shouts! x2; You hear a shout!
A gnoll comes into view. It is wielding a +0 spear.
The gnoll shouts!
There are monsters nearby!
A gnoll comes into view. It is wielding a +0 halberd.
The gnoll hits you with a +0 halberd.
You barely miss the gnoll. The gnoll barely misses you.
The gnoll hits you with a +0 halberd.
You slash the gnoll!
The gnoll is severely wounded.
You feel your willpower return. The gnoll misses you.
The gnoll barely misses you.
The gnoll hits you from afar with a +0 spear.
The gnoll hits you with a +0 halberd!
You feel very mighty all of a sudden.
The gnoll hits you from afar with a +0 halberd.
* * * LOW HITPOINT WARNING * * *
The gnoll barely misses you. You block the gnoll's attack.
The gnoll closely misses you.
You barely miss the gnoll.
The gnoll is severely wounded.
The gnoll closely misses you. The gnoll barely misses you.
The gnoll completely misses you. You block the gnoll's attack.
The gnoll hits you with a +0 halberd!
You die... .... #..# #..## ....# ##... #.. ggg

# ### #.# #g#.#
..#
#.###@#.#####
#.#
#.#..........
#.#
#.#.....#####
#.# #..........#
#.###†#.....##.#
#<..........# #
#.##†.###..##
#.##..# #..#
#.##..# .#(#


You could see 4 gnolls.

Vanquished Creatures
  An adder (D:2)
  3 dart slugs (D:1)
  3 bats (D:1)
  2 endoplasms (D:1)
  4 goblins (D:1)
  3 hobgoblins (D:1)
  A quokka (D:1)
  3 ball pythons (D:1)
  2 frilled lizards
22 creatures vanquished.

Notes
Turn   | Place    | Note
-------+----------+-------------------------------------------
     0 | D:1      | lonewolfV2 the Formicid Fighter began the quest for the
                  | Orb.
     0 | D:1      | Reached XP level 1. HP: 18/18 MP: 1/1
   102 | D:1      | Reached XP level 2. HP: 24/24 MP: 2/2
   333 | D:1      | Reached XP level 3. HP: 30/30 MP: 3/3
   416 | D:1      | Found Tisuf's Armour Shoppe.
   558 | D:1      | Identified a scroll of acquirement
   558 | D:1      | Acquired 1177 gold pieces
   587 | D:2      | Slain by a gnoll

Illustrated notes

Levels and vault maps discovered:
D:1:      matt_arrival_diagonals, layout_rooms, serial_shops, shop
D:2:      layout_loops_ring, hellmonk_ecumenical_altar_heavens_door,
          grunt_decor_resistance

Skill      XL: |  1  2  3 |
---------------+----------+-----
Fighting       | 4 |  4.1
Axes           | 3 |  3.0
Armour         | |  3.2
Shields        | |  4.0

Action                     || total
---------------------------++-------
  Melee: War axe           ||    78
    Use: Scroll            ||     4
         Potion            ||     1
 Armour: Scale mail        ||    45
  Dodge: Dodged            ||    63
  Block: Buckler           ||    21
